 Dungeon Crawl Stone Soup version 0.17-a0-1850-g688e747 (webtiles) character file.

7564 Oddball22 the Purveyor of Pain (level 10, -3/76 HPs)
             Began as a Demonspawn Necromancer on Sept 19, 2015.
             Was an Initiate of Kikubaaqudgha.
             Slain by a white ugly thing (29 damage)
             ... on level 11 of the Dungeon.
             The game lasted 00:53:17 (16390 turns).

Oddball22 the Purveyor of Pain (DsNe)              Turns: 16390, Time: 00:53:17

Health: -3/76      AC:  9    Str:  8    XL:     10   Next: 96%
Magic:  0/28       EV: 17    Int: 18    God:    Kikubaaqudgha [......]
Gold:   722        SH:  0    Dex: 20    Spells: 6 memorised, 5 levels left

rFire  . . .     SeeInvis .     J - +6 quarterstaff (chaos)
rCold  . . .     Clarity  .     l - +0 leather armour "Denir" {Dex+4}
rNeg   . . .     SustAt   .     (no shield)
rPois  .         Gourm    .     D - +0 helmet
rElec  .         Spirit   +     M - +2 cloak
rCorr  .         Warding  .     s - +0 pair of gloves
rMut   .         Stasis   .     (boots unavailable)
MR     .....                    (no amulet)
Stlth  +++.......               k - ring of magical power
                                Q - ring of wizardry

@: regenerating, studying Unarmed Combat, not resistant to hostile enchantments,
fairly stealthy
A: claws 2, hooves 3, nightstalker 1, magic shield
a: Renounce Religion


You were on level 11 of the Dungeon.
You worshipped Kikubaaqudgha.
Kikubaaqudgha was noncommittal.
You were hungry.

You visited 2 branches of the dungeon, and saw 12 of its levels.

You collected 722 gold pieces.

Inventory:

Hand weapons
 j - a +2 spear of piercing
 J - a +6 quarterstaff of chaos (weapon)
 Y - the cursed +1 falchion "Xiest" {drain, Dex+6}
   (You found it on level 10 of the Dungeon)

   A truly terrible weapon, it drains the life of those it strikes.
   It affects your dexterity (+6).
   It has a curse placed upon it.
Armour
 l - the +0 leather armour "Denir" (worn) {Dex+4}
   (You found it on level 8 of the Dungeon)

   It affects your dexterity (+4).
 s - a +0 pair of gloves (worn)
 D - a +0 helmet (worn)
 M - a +2 cloak (worn)
Jewellery
 k - a ring of magical power (right hand)
 n - a +6 ring of protection {unknown}
 o - an uncursed ring of stealth
 E - an uncursed ring of flight
 F - an uncursed ring of protection from fire
 Q - a ring of wizardry (left hand)
 T - an uncursed ring of magical power
 U - a cursed amulet of inaccuracy {unknown}
Magical devices
 a - a wand of draining (7)
 C - a wand of digging (20)
 G - a wand of slowing (4)
 K - a wand of random effects (23)
 P - a wand of flame (29)
 R - a wand of magic darts (15)
Scrolls
 c - a scroll of random uselessness {unknown}
 i - 2 scrolls of fear
 t - 3 scrolls of amnesia
 u - a scroll of immolation {unknown}
 w - 4 scrolls of teleportation
 y - a scroll of recharging {unknown}
 A - 3 scrolls of enchant armour
 N - 2 scrolls of noise {unknown}
 S - a scroll of remove curse
Potions
 e - 3 potions of flight
 m - 4 potions of curing
 p - a potion of invisibility {unknown}
 r - a potion of brilliance {unknown}
 z - a potion of might {unknown}
 B - 2 potions of agility {unknown}
 I - a potion of degeneration {unknown}
 L - 4 potions of poison {unknown}
 W - 2 potions of cure mutation
Books
 b - a book of Necromancy

   Spells                             Type                      Level
   a - Pain                           Necromancy                   1
   b - Animate Skeleton               Necromancy                   1
   c - Vampiric Draining              Necromancy                   3
   d - Regeneration                   Charms/Necromancy            3
   e - Animate Dead                   Necromancy                   4
   f - Control Undead                 Necromancy                   4
 v - a manual of Unarmed Combat
Miscellaneous
 h - a plain deck of summoning
 V - a sack of spiders
Comestibles
 d - 2 royal jellies
 g - 2 slices of pizza
 q - 5 meat rations
 x - a beef jerky
 H - 2 bread rations
 O - 24 fruits


   Skills:
 + Level 6.2 Fighting
 * Level 6.1 Staves
 - Level 5.4 Armour
 + Level 6.7 Dodging
 - Level 1.7 Stealth
 - Level 6.2 Spellcasting
 + Level 10.1 Necromancy


You had 5 spell levels left.
You knew the following spells:

 Your Spells              Type           Power        Failure   Level  Hunger
a - Pain                  Necr           ####         1%          1    None
b - Animate Skeleton      Necr           N/A          1%          1    None
c - Vampiric Draining     Necr           #####.....   1%          3    ##.....
d - Regeneration          Chrm/Necr      ###.......   3%          3    ##.....
e - Animate Dead          Necr           N/A          1%          4    ####...
f - Control Undead        Necr           #####.....   1%          4    ####...


Dungeon Overview and Level Annotations

Branches:
Dungeon (11/15)            Temple (1/1) D:6            Lair (0/8) D:9
    Orc (0/4) D:10

Altars:
Ashenzari
Cheibriados
Dithmenos
Elyvilon
Fedhas
Gozag
Kikubaaqudgha
Makhleb
Nemelex Xobeh
Okawaru
Qazlal
Ru
Sif Muna
Trog
Vehumet
Xom
Yredelemnul
Zin
The Shining One

Shops:
D:4 %   D:11 (


Innate Abilities, Weirdness & Mutations

You have very sharp fingernails.
You have hooves in place of feet.
You are slightly more attuned to the shadows.
When hurt, damage is shared between your health and your magic reserves.


Message History

You feel life coursing into your body.
The white ugly thing closely misses you.
Casting: Vampiric Draining
Confirm with . or Enter, or press ? or * to list all spells.
Aiming: Vampiric Draining
Press: ? - help, Shift-Dir - straight line, f/p - white ugly thing
Aim: a white ugly thing (moderately wounded)
The white ugly thing is moderately wounded.
You feel life coursing into your body. The white ugly thing engulfs you.
The white ugly thing freezes you!!
You closely miss the white ugly thing. Your kick misses the white ugly thing.
The white ugly thing is moderately wounded.
The white ugly thing engulfs you! The white ugly thing freezes you!!
* * * LOW HITPOINT WARNING * * *
You are too injured to fight recklessly!
Drink which item? (? for menu, Esc to quit)
You feel much better. The white ugly thing engulfs you!
The white ugly thing freezes you!!
You die...
Kikubaaqudgha rasps: "You have failed me!
Welcome... death!"

..........#####
...........#
...........#
......(....#
.#.....(.#.#
#.......##∩.#
....#...# ..#
#####...# #
#..#@#
#..#.ucY#
#..####.# #. ..
. .. .


You could see a white ugly thing, an ice beast and a centaur.

Vanquished Creatures
  A troll (D:9)
  Grinder (D:3)
  A two-headed ogre (D:9)
  Sigmund (D:4)
  A wraith (D:11)
  A wyvern (D:9)
  11 yaks
  A hippogriff (D:7)
  Menkaure (D:7)
  2 water moccasins
  Duvessa (D:7)
  2 ice beasts
  2 black bears
  2 phantoms
  4 sky beasts
  A centaur (D:8)
  4 ogres
  An orc warrior (D:8)
  6 giant frogs
  2 big kobolds
  Dowan (D:7)
  A wyvern skeleton (D:9)
  8 killer bees (D:7)
  2 jellies
  5 wights
  5 orc priests
  3 crimson imps
  6 hounds
  6 orc wizards
  4 centaur skeletons
  A giant frog zombie (D:10)
  Crazy Yiuf (D:7)
  2 giant frog skeletons
  Terence (D:3)
  5 iguanas
  7 worker ants
  A hound skeleton (D:9)
  14 adders
  A gnoll (D:3)
  A shadow imp (D:11)
  5 oozes
  An adder zombie (D:9)
  2 worms
  4 giant geckos
  49 orcs
  3 ball pythons
  13 bats
  4 goblins
  10 hobgoblins
  10 jackals
  8 quokkas
  6 giant cockroaches
  A giant gecko skeleton (D:4)
  13 giant newts
  A jackal skeleton (D:9)
  8 kobolds
  A quokka skeleton (D:6)
  9 rats
269 creatures vanquished.

Vanquished Creatures (others)
  An ogre (D:5)
  A wight (D:8)
2 creatures vanquished.

Grand Total: 271 creatures vanquished

Notes
Turn   | Place    | Note
--------------------------------------------------------------
     0 | D:1      | Oddball22 the Demonspawn Necromancer began the quest for the Orb.
     0 | D:1      | Reached XP level 1. HP: 13/13 MP: 3/3
   259 | D:1      | Reached skill level 1 in Fighting
   462 | D:1      | Gained mutation: You have sharp fingernails. [demonic ancestry]
   462 | D:1      | Reached XP level 2. HP: 21/21 MP: 3/5
   627 | D:1      | Learned a level 1 spell: Animate Skeleton
   922 | D:1      | Reached skill level 1 in Armour
  1070 | D:1      | Gained mutation: You have large cloven feet. [demonic ancestry]
  1070 | D:1      | Reached XP level 3. HP: 22/27 MP: 3/6
  1360 | D:1      | Learned a level 3 spell: Vampiric Draining
  2464 | D:2      | Gained mutation: You have hoof-like feet. [demonic ancestry]
  2464 | D:2      | Reached XP level 4. HP: 34/34 MP: 7/7
  3137 | D:3      | Gained mutation: You have very sharp fingernails. [demonic ancestry]
  3137 | D:3      | Reached XP level 5. HP: 34/39 MP: 8/8
  3279 | D:3      | Found a basalt altar of Yredelemnul.
  3420 | D:3      | Noticed Terence
  3444 | D:3      | Killed Terence
  3470 | D:3      | Noticed Grinder
  3488 | D:3      | Paralysed by Grinder for 7 turns
  3517 | D:3      | Paralysed by Grinder for 4 turns
  3527 | D:3      | Paralysed by Grinder for 4 turns
  3533 | D:3      | Killed Grinder
  3533 | D:3      | Reached XP level 6. HP: 16/46 MP: 3/9
  3752 | D:3      | Learned a level 3 spell: Regeneration
  3881 | D:4      | HP: 1/46 [iguana (2)]
  3966 | D:5      | Entered Level 5 of the Dungeon
  4216 | D:4      | Reached skill level 5 in Armour
  4216 | D:4      | Gained mutation: You are slightly more attuned to the shadows. [demonic ancestry]
  4216 | D:4      | Reached XP level 7. HP: 26/51 MP: 10/10
  4289 | D:4      | HP: 2/51 [orc priest/nerve-wracking pain (12)]
  4388 | D:3      | HP: 1/51 [orc/club (4)]
  4895 | D:4      | Found Hehun's Food Shoppe.
  5330 | D:4      | Found a glowing golden altar of the Shining One.
  5337 | D:4      | Noticed Sigmund
  5626 | D:4      | Reached skill level 5 in Necromancy
  6040 | D:4      | Killed Sigmund
  6040 | D:4      | Reached XP level 8. HP: 56/58 MP: 11/11
  6347 | D:5      | Found a shattered altar of Ashenzari.
  6381 | D:5      | Reached skill level 6 in Necromancy
  7150 | D:5      | Reached skill level 5 in Dodging
  7277 | D:5      | Found a white marble altar of Elyvilon.
  7931 | D:6      | Reached skill level 7 in Necromancy
  8316 | D:6      | Found a staircase to the Ecumenical Temple.
  8322 | Temple   | Entered the Ecumenical Temple
  8800 | D:6      | Learned a level 4 spell: Animate Dead
  9461 | D:7      | Gained mutation: You have hooves in place of feet. [demonic ancestry]
  9461 | D:7      | Reached XP level 9. HP: 61/65 MP: 15/15
  9713 | D:7      | Noticed Duvessa
  9799 | D:7      | Reached skill level 5 in Spellcasting
  9799 | D:7      | Reached skill level 8 in Necromancy
  9879 | D:7      | Learned a level 4 spell: Control Undead
  9959 | D:7      | Noticed Menkaure
  9981 | D:7      | Killed Menkaure
 10290 | D:7      | Noticed Crazy Yiuf
 10296 | D:7      | Paralysed by Crazy Yiuf for 2 turns
 10304 | D:7      | Killed Crazy Yiuf
 10771 | D:7      | Found an opulent altar of Gozag.
 10772 | D:7      | Noticed Dowan
 10785 | D:7      | Killed Duvessa
 10810 | D:7      | Killed Dowan
 11718 | D:7      | Reached skill level 1 in Staves
 12077 | D:7      | Found an iron altar of Okawaru.
 12077 | D:7      | Found a stormy altar of Qazlal.
 12228 | D:8      | Got an ancient leather armour
 12230 | D:8      | Identified the cursed +0 leather armour "Denir" {Dex+4} (You found it on level 8 of the Dungeon)
 12438 | D:8      | Reached skill level 9 in Necromancy
 12532 | D:8      | Found a flagged portal.
 12930 | D:8      | Found a shadowy altar of Dithmenos.
 13542 | D:8      | Gained mutation: When hurt, damage is shared between your health and your magic reserves. [demonic ancestry]
 13542 | D:8      | Reached XP level 10. HP: 55/73 MP: 19/19
 14091 | D:9      | Found a staircase to the Lair.
 14173 | D:9      | Reached skill level 5 in Fighting
 14345 | D:9      | Found a sacrificial altar of Ru.
 14349 | D:9      | Found an ancient bone altar of Kikubaaqudgha.
 14357 | D:9      | Became a worshipper of Kikubaaqudgha
 14361 | D:9      | Found a blossoming altar of Fedhas.
 14361 | D:9      | Found a snail-covered altar of Cheibriados.
 14362 | D:9      | Found a bloodstained altar of Trog.
 14821 | D:9      | You fall through a shaft!
 14821 | D:10     | Entered Level 10 of the Dungeon
 15161 | D:10     | Reached skill level 5 in Staves
 15202 | D:10     | Found a staircase to the Orcish Mines.
 15717 | D:10     | Reached skill level 10 in Necromancy
 16037 | D:10     | Got a bloodstained falchion
 16150 | D:10     | Identified the cursed +1 falchion "Xiest" {drain, Dex+6} (You found it on level 10 of the Dungeon)
 16373 | D:11     | Found Uforer's Weapon Boutique.
 16380 | D:11     | Noticed a white ugly thing
 16390 | D:11     | Slain by a white ugly thing

Vault maps used:
D:1:      saegor_arrival_simple_d, minmay_newt_pond
D:2:      first_bread, serial_co_window_serial, co_window_paths_a,
          co_window_corner_a, co_window_of_opportunity_a, co_window_paths_a,
          co_window_corner_a, co_window_corner_a, co_window_broadway_b,
          co_window_2corner, co_window_cross_4, co_window_sun,
          co_window_4corner_a
D:3:      overflow_temple_1_default, minmay_cupped, uniq_terence, uniq_grinder
D:4:      tso_metal_star, serial_shops, shop, uniq_sigmund
D:5:      lemuel_ice_spiral_2, kennysheep_little_box,
          lemuel_coloured_pillars_altar
D:6:      minmay_temple_entry_enclosed_plants
D:7:      lemuel_crystal_altar, gammafunk_temple_overflow_elements,
          uniq_crazy_yiuf_cottage, uniq_menkaure, uniq_duvessa
D:8:      nicolae_dithmenos_through_a_glass_darkly, enter_bailey_8,
          blue_anna_alchemist
D:9:      minitemple, dpeg_oklobed_lair
D:10:     orc_0_dummy, minmay_misc_feat_tiny
D:11:     serial_shops, shop, grunt_ashenzari_visionary
Temple:   nicolae_temple_hex_pool

Action                   |  1- 3 |  4- 6 |  7- 9 | 10-12 || total
-------------------------+-------+-------+-------+-------++-------
Melee: Short sword       |   103 |    18 |       |       ||   121
       Unarmed           |     1 |       |       |       ||     1
       Spear             |       |   178 |   115 |       ||   293
       Dagger            |       |    11 |   275 |       ||   286
       Quarterstaff      |       |       |   142 |   243 ||   385
 Cast: Pain              |    39 |    11 |    54 |    30 ||   134
       Vampiric Draining |       |     2 |    16 |     9 ||    27
       Regeneration      |       |       |     5 |     7 ||    12
       Control Undead    |       |       |       |     1 ||     1
  Use: Scroll            |     3 |     2 |    11 |     4 ||    20
       Potion            |       |     8 |     1 |     1 ||    10
 Stab: Sleeping          |     7 |       |     7 |     1 ||    15
       Distracted        |       |       |     1 |       ||     1
       Paralysed         |       |       |     1 |     5 ||     6
       Petrifying        |       |       |     1 |     1 ||     2
  Eat: Chunk             |     6 |     5 |    22 |    10 ||    43
       Bread ration      |       |       |     2 |       ||     2
       Beef jerky        |       |       |     1 |       ||     1
